 Dungeon Crawl Stone Soup version 0.29-a0-297-g7659ce593d (webtiles) character file.

Game seed: 16589620476312486247

1315 Ajdolov the Carver (level 8, -6/59 HPs)
             Began as a Merfolk Gladiator on Mar 20, 2022.
             Was a Believer of Okawaru.
             Killed by nerve-wracking pain
             ... invoked by Grinder
              (9 damage)
             ... on level 5 of the Dungeon.
             The game lasted 00:09:30 (6420 turns).

Ajdolov the Carver (Merfolk Gladiator)              Turns: 6420, Time: 00:09:31

Health: -6/59      AC:  6    Str: 15    XL:     8   Next: 58%
Magic:  8/8        EV: 12    Int:  7    God:    Okawaru [**....]
Gold:   206        SH:  5    Dex: 17    Spells: 7/7 levels left

rFire   + . .      SeeInvis .   a - +0 long sword
rCold   + . .      Faith    .   (no shield)
rNeg    . . .      Spirit   .   i - +0 ring mail
rPois   .          Reflect  +   c - +0 helmet
rElec   .          Harm     .   l - scarf {rC+ rF+}
rCorr   .          Rampage  .   (no gloves)
Will    .....                   (no boots)
Stlth   +.........              k - amulet of reflection
HPRegen 0.19/turn               (no ring)
MPRegen 0.11/turn               (no ring)

@: no status effects
A: (nimble swimmer 2), mertail
a: Renounce Religion, Heroism


You were on level 5 of the Dungeon.
You worshipped Okawaru.
Okawaru was pleased with you.
You visited 2 branches of the dungeon, and saw 6 of its levels.
You also visited: Sewer.

You collected 206 gold pieces.

Inventory:

Hand Weapons
 a - a +0 long sword (weapon)
Missiles
 d - a throwing net (quivered)
 e - a javelin
 f - 6 boomerangs
Armour
 c - a +0 helmet (worn)
 i - a +0 ring mail (worn)
 l - a scarf of resistance (worn)
 u - a +0 buckler
Jewellery
 k - an amulet of reflection (around neck)
Scrolls
 b - 2 scrolls of holy word {unknown}
 g - a scroll of noise {unknown}
 m - 3 scrolls of fog {unknown}
 n - 3 scrolls of identify {unknown}
 q - a scroll of teleportation {unknown}
 t - a scroll of enchant armour {unknown}
 v - 2 scrolls of summoning {unknown}
 y - a scroll of silence {unknown}
 A - a scroll of torment {unknown}
 C - a scroll of vulnerability {unknown}
Potions
 h - a potion of attraction
 j - a potion of resistance {unknown}
 o - a potion of ambrosia {unknown}
 r - a potion of degeneration {unknown}
 w - a potion of might {unknown}
 x - a potion of flight
 z - a potion of lignification {unknown}
 B - a potion of haste {unknown}


   Skills:
 * Level 3.6 Fighting
 - Level 12.0 Long Blades
 - Level 2.0 Throwing
 - Level 4.0 Dodging
 + Level 1.5 Shields


You had 7 spell levels left.
You didn't know any spells.
Your spell library contained the following spells:

 Spells                   Type           Power      Damage    Failure   Level
 Beastly Appendage        Tmut           0%         N/A       67%         1
 Magic Dart               Conj           0%         1d3       67%         1
 Wereblood                Tmut           0%         N/A       80%         2
 Mephitic Cloud           Conj/Pois/Air  0%         N/A       95%         3
 Spider Form              Tmut/Pois      0%         N/A       95%         3
 Call Imp                 Summ           Unusable   N/A       N/A         2

Dungeon Overview and Level Annotations

Branches:
Dungeon (5/15)             Temple (1/1) D:4           Sewer (visited)

Altars:
Ashenzari
Cheibriados
Dithmenos
Elyvilon
Fedhas
Gozag
Hepliaklqana
Kikubaaqudgha
Makhleb
Nemelex Xobeh
Okawaru
Qazlal
Ru
Sif Muna
Trog
Uskayaw
Vehumet
Wu Jian
Xom
Yredelemnul
The Shining One

Annotations:
D:4 1 runed translucent door, Thantalas's ghost, amateur TrCA
D:5 Grinder


Innate Abilities, Weirdness & Mutations

((You are very nimble when in or above water. (Stealth+, EV+, Speed+++)))
Your lower body shifts to a powerful aquatic tail in water.


Message History

You completely miss Menkaure.
Menkaure is almost destroyed.
Unknown command.
You hit Menkaure.
You destroy Menkaure!
Okawaru accepts your kill.
Your Fighting skill increases to level 3!
Your Shields skill increases to level 1!
Okay, then.
Okay, then.
Throw: 3 throwing nets
Press: ? - help, Shift-Dir - straight line, f - Grinder
Aim: Grinder (58% to hit)
You throw a throwing net. The throwing net hits Grinder.
Grinder is caught in the net!
Grinder gestures at you. You resist with some effort.
Grinder struggles against the net.
You slash Grinder!
Grinder is moderately wounded.
You slash Grinder! You punch Grinder, but do no damage.
Grinder is severely wounded.
You hit Grinder.
Grinder is severely wounded.
Grinder blinks!
Okay, then.
Throw: 2 throwing nets
Press: ? - help, Q - select action, (/) - cycle Shift-Dir - straight line, f/p - Grinder
Aim: Grinder (severely wounded, 58% to hit)
You throw a throwing net. The throwing net hits Grinder.
Grinder is caught in the net!
Grinder is severely wounded.
Grinder struggles against the net.
Grinder struggles against the net.
You see here a throwing net.
Found a hide-covered altar of Uskayaw.
Grinder struggles against the net.
You slash Grinder!
Grinder is almost dead.
Grinder gestures at you. Pain shoots through your body!
You die...

......# .....# .....
...# ####### #..##
##.....## #+###...#
. ##...⌠...##
#.......#...
#.._...5..#
#....).##... #.@..#
#..##..##...
##(♣.###..##.......
##.)..#.....#......>
#.._..#...#.#..##...
#...?##[..###..##...
#.♣.###.⌠.###.......
#....#....#.........
#.._..._..##########
#### #+##...⌠...##


You could see Grinder (caught).

Vanquished Creatures
  Pikel (D:4)
  Menkaure (D:5)
  An ogre (D:5)
  A lemure (D:4)
  A necrophage (D:4)
  A scorpion (D:4)
  A howler monkey (D:4)
  A gnoll shaman (D:5)
  2 hounds
  An orc priest (D:4)
  An orc wizard (D:5)
  6 adders
  7 gnolls
  8 river rats
  A white imp (D:5)
  3 worms
  11 orcs
  8 bats
  5 endoplasms
  5 giant cockroaches
  10 goblins
  5 hobgoblins
  3 jackals (D:3)
  A quokka (D:4)
  9 ball pythons
  11 frilled lizards
  6 kobolds
  22 rats
133 creatures vanquished.

Notes
Turn   | Place    | Note
-------+----------+-------------------------------------------
     0 | D:1      | Ajdolov the Merfolk Gladiator began the quest for the Orb.
     0 | D:1      | Reached XP level 1. HP: 16/16 MP: 1/1
    94 | D:1      | Reached skill level 4 in Long Blades
   116 | D:1      | Reached XP level 2. HP: 22/22 MP: 2/2
   549 | D:1      | Found a faded altar of an unknown god.
   704 | D:2      | Found a broken altar of Ashenzari.
   795 | D:2      | Reached XP level 3. HP: 27/27 MP: 3/3
   821 | D:2      | Reached skill level 5 in Long Blades
  1581 | D:2      | Reached XP level 4. HP: 32/33 MP: 4/4
  2047 | D:3      | Reached skill level 6 in Long Blades
  2319 | D:3      | Found a glowing drain.
  2333 | D:3      | Reached XP level 5. HP: 20/38 MP: 5/5
  2370 | Sewer    | Entered a sewer
  2517 | Sewer    | Reached skill level 7 in Long Blades
  3430 | D:4      | Reached skill level 8 in Long Blades
  3430 | D:4      | Reached XP level 6. HP: 23/43 MP: 6/6
  3711 | D:4      | Found a staircase to the Ecumenical Temple.
  4232 | Temple   | Entered the Ecumenical Temple
  4282 | Temple   | Became a worshipper of Warmaster Okawaru
  4312 | D:4      | Found an ancient bone altar of Kikubaaqudgha.
  4312 | D:4      | Found a shimmering altar of Xom.
  4537 | D:4      | Found a runed translucent door.
  4538 | D:4      | Noticed Thantalas's ghost (amateur TrCA)
  4602 | D:4      | Reached skill level 9 in Long Blades
  4758 | D:5      | Entered Level 5 of the Dungeon
  4784 | D:5      | Reached XP level 7. HP: 6/50 MP: 7/7
  5805 | D:5      | Noticed Pikel
  5864 | D:4      | Killed Pikel
  5864 | D:4      | Reached * piety under Okawaru
  5864 | D:4      | Reached ** piety under Okawaru
  5865 | D:4      | Reached skill level 11 in Long Blades
  5865 | D:4      | Reached XP level 8. HP: 26/56 MP: 8/8
  6199 | D:5      | Found a broken altar of Ashenzari.
  6213 | D:5      | HP: 2/56 [white imp (1)]
  6216 | D:5      | Reached skill level 12 in Long Blades
  6373 | D:5      | Found a sparkling altar of Nemelex Xobeh.
  6382 | D:5      | Found a hazy altar of Hepliaklqana.
  6382 | D:5      | Found a sacrificial altar of Ru.
  6396 | D:5      | Noticed Menkaure
  6404 | D:5      | Noticed Grinder
  6406 | D:5      | HP: 1/57 [Menkaure (11)]
  6408 | D:5      | Killed Menkaure
  6409 | D:5      | Reached skill level 1 in Shields
  6419 | D:5      | Found a hide-covered altar of Uskayaw.
  6420 | D:5      | Killed from afar by Grinder

Illustrated notes

Levels and vault maps discovered:
D:1:      co_arrival_square_in_a_square_in_a_square, layout_rooms,
          hellmonk_ecumenical_altar_inner_sanctum
D:2:      layout_loops_corners, serial_co_window_serial,
          co_window_of_opportunity_a, co_window_of_opportunity_a,
          co_window_corner_a, co_window_paths_b, co_window_of_opportunity_a,
          co_window_paths_a, co_window_paths_a, co_window_unsneaky_path_e,
          co_window_corner_cb, co_window_corner_b, co_window_of_opportunity_c,
          co_window_broadway_a, co_window_sun, co_window_4corner_b,
          glass_columns_b, glass_columns_b, glass_columns_a, basic_altar,
          minmay_pentomino_t4
D:3:      layout_basic, portal_sewer_entry_b
D:4:      layout_basic, chequers_temple_overflow_statue_of_worship,
          minmay_temple_entry_stoned_glass, gammafunk_ghost_grave,
          kennysheep_nub, corexii_hall_statues_i
D:5:      layout_gridville, zin_scriptorium,
          nicolae_overflow_hallway_of_the_gods, uniq_duvessa, uniq_menkaure,
          uniq_blork_the_orc, uniq_grinder, uniq_pikel
Temple:   eino_temple_water

Skill      XL: |  1  2  3  4  5  6  7  8 |
---------------+-------------------------+-----
Long Blades    | 4 5 6 8 9 11 12 | 12.0
Fighting       | 3 |  3.6
Shields        | 1 |  1.5
Throwing       | |  2.0
Dodging        | |  4.0

Action                   |  1- 3 |  4- 6 |  7- 9 || total
-------------------------+-------+-------+-------++-------
Melee: Long sword        |    91 |   288 |   118 ||   497
       Punch             |     1 |     2 |     4 ||     7
       Tailslap          |       |     4 |       ||     4
Throw: Throwing net      |       |       |     2 ||     2
  Use: Potion            |       |     4 |     7 ||    11
 Stab: Invisible         |       |     2 |     7 ||     9
Armor: Leather armour    |    12 |       |       ||    12
       Ring mail         |    18 |    74 |    13 ||   105
Dodge: Dodged            |    73 |   166 |    38 ||   277
Block: Other             |    10 |    56 |    20 ||    86
       Reflection        |       |       |     2 ||     2

Table legend: (Time is in decaauts)
 A = Elapsed time spent in this place.
 B = Non-inter-level travel time spent in this place.
 C = Inter-level travel time spent in this place.
 D = Time resting spent in this place.
 E = Time spent auto-exploring this place.
 F = Levels seen in this place.
 G = Mean time per level.
                   A        B        C        D        E       F      G
               +--------+--------+--------+--------+--------+-----+--------+
         Total |   6388 |   6221 |    167 |   1904 |   3024 |   7 |  912.6 |
       Dungeon |   5709 |   5557 |    152 |   1648 |   2840 |   5 | 1141.8 |
        Temple |     58 |     43 |     15 |      0 |      1 |   1 |   58.0 |
         Sewer |    620 |    620 |      0 |    256 |    183 |   1 |  620.0 |
               +--------+--------+--------+--------+--------+-----+--------+

Top non-repeatable levels by time:
     D:4: 1585 daAuts
     D:2: 1287 daAuts
     D:3: 1223 daAuts
     D:5: 1017 daAuts
   Sewer: 620 daAuts
     D:1: 595 daAuts
  Temple: 58 daAuts
